 Dungeon Crawl Stone Soup version 0.29-a0-483-g69413ac (webtiles) character file.

Game seed: 4352817020007130075

3248 Toastz the Quickloader (level 9, -3/89 (90) HPs)
             Began as a Deep Dwarf Hunter on May 25, 2022.
             Was a Follower of Makhleb.
             Slain by a two-headed ogre
             ... wielding a +0 giant club
              (18 damage)
             ... on level 8 of the Dungeon.
             The game lasted 00:21:53 (6078 turns).

Toastz the Quickloader (Deep Dwarf Hunter)          Turns: 6078, Time: 00:21:54

HP:   -3/89 (90)    AC: 18    Str: 14    XL:     9   Next: 67%
MP:   4/18 (9)      EV: 14    Int: 13    God:    Makhleb [*.....]
Gold: 307           SH:  0    Dex: 18    Spells: 6/9 levels left

rFire   . . .      SeeInvis .   a - +1 hand crossbow
rCold   . . .      Faith    .   (no shield)
rNeg    + . .      Spirit   .   K - +6 scale mail "Tuargh" {rN+}
rPois   .          Reflect  .   F - +0 helmet
rElec   .          Harm     .   d - +1 cloak
rCorr   .          Rampage  .   (no gloves)
Will    +....                   k - +1 pair of boots
Stlth   +.........              E - amulet of magic regeneration
HPRegen 0.00/turn               v - +4 ring of evasion
MPRegen 0.56/turn               u - ring of magical power

@: very slightly contaminated, lightly drained
A: damage resistance, heal wounds, sense surroundings 2, no regeneration
a: Heal Wounds, Renounce Religion


You were on level 8 of the Dungeon.
You worshipped Makhleb.
Makhleb was aware of your devotion.
You visited 2 branches of the dungeon, and saw 9 of its levels.

You collected 307 gold pieces.

Inventory:

Hand Weapons
 a - a +1 hand crossbow (weapon)
 b - a +2 short sword of draining
 q - a +2 whip of electrocution
 y - a +3 dagger of venom
Missiles
 g - 4 poisoned darts
 j - 60 stones
 n - 9 boomerangs
Armour
 d - a +1 cloak (worn)
 i - an orb of guile
 k - a +1 pair of boots (worn)
 m - a +0 leather armour
 o - a +0 ring mail
 F - a +0 helmet (worn)
 K - the +6 scale mail "Tuargh" (worn) {rN+}
   (You found it on level 7 of the Dungeon)

   rN:        It protects you from negative energy.
Jewellery
 p - an amulet of faith
 r - a ring of protection from fire
 u - a ring of magical power (right hand)
 v - a +4 ring of evasion (left hand)
 z - a +6 ring of strength
 E - an amulet of magic regeneration (around neck)
Wands
 t - a wand of acid (8)
 I - a wand of polymorph (11)
Scrolls
 c - a scroll of immolation
 h - a scroll of poison {unknown}
 s - 3 scrolls of teleportation
 w - 2 scrolls of vulnerability
 B - a scroll of fear
 D - a scroll of blinking {unknown}
 H - a scroll of fog
 J - a scroll of brand weapon {unknown}
Potions
 e - a potion of mutation {unknown}
 f - a potion of berserk rage
 l - 4 potions of attraction
 x - 3 potions of curing
 A - a potion of haste {unknown}
 C - a potion of lignification {unknown}
 G - 2 potions of might {unknown}


   Skills:
 + Level 8.6 Fighting
 - Level 10.0 Crossbows
 * Level 3.9 Armour
 - Level 2.1 Dodging
 - Level 1.2 Stealth
 - Level 0.6 Spellcasting
 - Level 5.0 Necromancy


You had 6 spell levels left.
You knew the following spells:

 Your Spells              Type           Power      Damage    Failure   Level
a - Vampiric Draining     Necr           13%        2d6       41%         3

Your spell library contained the following spells:

 Spells                   Type           Power      Damage    Failure   Level
 Necrotize                Necr           52%        1d6       14%         1
 Agony                    Necr           13%        N/A       99%         5


Dungeon Overview and Level Annotations

Branches:
Dungeon (8/15)             Temple (1/1) D:6
   Lair: D:8-11

Altars:
Ashenzari
Cheibriados
Dithmenos
Elyvilon
Fedhas
Gozag
Hepliaklqana
Kikubaaqudgha
Makhleb
Nemelex Xobeh
Okawaru
Qazlal
Ru
Sif Muna
Trog
Uskayaw
Vehumet
Wu Jian
Xom
Yredelemnul
Zin
The Shining One

Annotations:
D:3 2 transporters, Caerwyn's ghost, amateur DjCj


Innate Abilities, Weirdness & Mutations

You are resistant to damage.
You can heal yourself by infusing magical energy.
You passively map the area around you.
You do not regenerate.


Message History

Press: ? - help, Q - select action, (/) - cycle Shift-Dir - straight line, f/p - two-headed ogre
Aim: a two-headed ogre, wielding a +0 giant club and a +2 dire flail of protection (almost dead, 82% to hit)
You shoot a bolt. The bolt hits the two-headed ogre.
The two-headed ogre is almost dead.
The two-headed ogre hits you with a +0 giant club!
* * * LOW HITPOINT WARNING * * *
The two-headed ogre hits you but does no damage.
Casting: Vampiric Draining (dangerous; 41% risk of failure)
Confirm with . or Enter, or press ? or * to list all spells.
Aiming: Vampiric Draining (dangerous; 41% risk of failure)
Press: ? - help, Shift-Dir - straight line, f/p - two-headed ogre
Aim: a two-headed ogre, wielding a +0 giant club and a +2 dire flail of protection (almost dead)
You miscast Vampiric Draining.
You convulse helplessly as pain tears through your body.
You partially resist.
You feel drained.
Casting: Vampiric Draining (dangerous; 41% risk of failure)
Confirm with . or Enter, or press ? or * to list all spells.
You don't have enough magic to cast this spell.
Unknown command.
You feel much better.
The two-headed ogre hits you with a +0 giant club!
* * * LOW HITPOINT WARNING * * *
The two-headed ogre completely misses you.
Shoot: a) +1 hand crossbow
Press: ? - help, Q - select action, (/) - cycle Shift-Dir - straight line, f/p - two-headed ogre
Aim: a two-headed ogre, wielding a +0 giant club and a +2 dire flail of protection (severely wounded, 82% to hit)
You shoot a bolt. The bolt hits the two-headed ogre.
The two-headed ogre is almost dead.
The two-headed ogre hits you with a +0 giant club!
* * * LOW HITPOINT WARNING * * *
The two-headed ogre hits you with a +2 dire flail of protection.
* * * LOW HITPOINT WARNING * * *
Shoot: a) +1 hand crossbow
Press: ? - help, Q - select action, (/) - cycle Shift-Dir - straight line, f/p - two-headed ogre
Aim: a two-headed ogre, wielding a +0 giant club and a +2 dire flail of protection (almost dead, 82% to hit)
You shoot a bolt.
The bolt barely misses the two-headed ogre.
The two-headed ogre completely misses you.
The two-headed ogre hits you with a +2 dire flail of protection!!
You die...

...........###..[..###
.#...................##
.####..##............)##
.#####.........##......#
.##....##......##..#...#
.#..#..##....#.....#...#
....####.......###.....#
....# *, ....###.......#
....#. .#.@.....##
........, #....O.......#
........ ................#
.....##.................##
.....# ##............###
.......,,...##..........**
...#... ...*...........
..##... ,##,#...........*
..#* * * , * *


You could see a two-headed ogre.

Vanquished Creatures
  A two-headed ogre (D:6)
  Prince Ribbit (D:8)
  Menkaure (D:7)
  An ice beast (D:6)
  An orc warrior (D:8)
  3 black bears
  An ogre (D:6)
  A centaur (D:6)
  2 bullfrogs
  2 necrophages
  A gnoll sergeant (D:7)
  5 scorpions
  6 killer bees (D:7)
  2 jellies
  8 orc priests
  2 hounds
  2 iguanas (D:7)
  8 orc wizards
  7 gnolls
  7 adders
  A shadow imp (D:7)
  2 white imps (D:6)
  2 dart slugs
  17 orcs
  9 endoplasms
  4 giant cockroaches
  9 goblins
  6 hobgoblins
  4 jackals (D:2)
  11 kobolds
  9 quokkas
  4 ball pythons
  9 bats
  6 frilled lizards
  3 rats
158 creatures vanquished.

Vanquished Creatures (others)
  3 plants (D:3)
3 creatures vanquished.

Grand Total: 161 creatures vanquished

Notes
Turn   | Place    | Note
-------+----------+-------------------------------------------
     0 | D:1      | Toastz the Deep Dwarf Hunter began the quest for the Orb.
     0 | D:1      | Reached XP level 1. HP: 19/19 MP: 1/1
    89 | D:1      | Found a faded altar of an unknown god.
   101 | D:1      | Reached XP level 2. HP: 24/26 MP: 2/2
   195 | D:1      | Reached skill level 5 in Crossbows
   407 | D:1      | Reached XP level 3. HP: 25/32 MP: 3/3
  1351 | D:2      | Learned a level 3 spell: Vampiric Draining
  1483 | D:3      | Reached XP level 4. HP: 25/40 MP: 5/5
  1523 | D:3      | Noticed a necrophage
  1536 | D:3      | Killed a necrophage
  1537 | D:3      | Reached skill level 1 in Necromancy
  1537 | D:3      | Reached XP level 5. HP: 35/49 MP: 6/6
  1658 | D:3      | Reached skill level 6 in Crossbows
  1844 | D:3      | Reached XP level 6. HP: 12/56 MP: 7/7
  1847 | D:3      | Found a transporter.
  1860 | D:3      | Found a transporter.
  1865 | D:3      | Noticed Caerwyn's ghost (amateur DjCj)
  1921 | D:3      | Identified the +1 scale mail "Ynuol" {rCorr Int+3}
  3037 | D:4      | Reached XP level 7. HP: 41/66 MP: 4/8
  3426 | D:5      | Entered Level 5 of the Dungeon
  3456 | D:5      | Reached skill level 7 in Crossbows
  3501 | D:5      | Found a snail-covered altar of Cheibriados.
  3508 | D:5      | Found a stormy altar of Qazlal.
  3740 | D:5      | Reached skill level 5 in Fighting
  4322 | D:6      | Found a basalt altar of Yredelemnul.
  4344 | D:6      | Reached XP level 8. HP: 43/74 MP: 9/9
  4460 | D:6      | Reached skill level 8 in Crossbows
  4491 | D:6      | Reached skill level 5 in Necromancy
  4600 | D:6      | Found an opulent altar of Gozag.
  4697 | D:6      | Noticed a two-headed ogre
  4712 | D:6      | Killed a two-headed ogre
  4713 | D:6      | Reached skill level 9 in Crossbows
  4772 | D:6      | Found a staircase to the Ecumenical Temple.
  4782 | Temple   | Entered the Ecumenical Temple
  4968 | Temple   | Became a worshipper of Makhleb the Destroyer
  5118 | D:6      | Gained mutation: You passively map the area around you.
                  | [Deep Dwarf growth]
  5118 | D:6      | Reached XP level 9. HP: 40/86 MP: 10/10
  5268 | D:7      | Found a glowing golden altar of the Shining One.
  5270 | D:7      | Found a bloodstained altar of Trog.
  5281 | D:7      | Found a hide-covered altar of Uskayaw.
  5281 | D:7      | Found a sacrificial altar of Ru.
  5339 | D:7      | Noticed Menkaure
  5423 | D:7      | Found a glowing silver altar of Zin.
  5466 | D:7      | Killed Menkaure
  5467 | D:7      | Reached skill level 1 in Armour
  5531 | D:7      | HP: 4/86 [killer bee (3)]
  5533 | D:7      | Reached skill level 10 in Crossbows
  5697 | D:7      | Identified the +6 scale mail "Tuargh" {rN+}
  5811 | D:7      | Reached * piety under Makhleb
  5906 | D:8      | Found a shimmering altar of Xom.
  5979 | D:8      | Noticed Prince Ribbit
  6019 | D:8      | Killed Prince Ribbit
  6056 | D:8      | Noticed a two-headed ogre
  6078 | D:8      | Slain by a two-headed ogre

Illustrated notes

Levels and vault maps discovered:
D:1:      mrwooster_arrival_statue, layout_rooms,
          shapermc_ecumenical_altar_ellora
D:2:      layout_rooms, serial_co_window_serial, co_window_paths_a,
          co_window_cross_1, co_window_paths_a, co_window_corner_a,
          co_window_paths_b, co_window_corner_cb, co_window_corner_b,
          co_window_corner_ca, co_window_broadway_b, co_window_broadway_c,
          co_window_2corner, co_window_4corner_a, glass_columns_a,
          glass_columns_a, glass_columns_c, glass_columns_a, glass_columns_b
D:3:      layout_rooms, gammafunk_ghost_gnarly_gnolls
D:4:      layout_basic
D:5:      layout_rooms, nicolae_overflow_hidden_temple, kennysheep_slug_shrine,
          kennysheep_small_spiral, minmay_misc_feat_x
D:6:      layout_rooms, lemuel_crystal_altar, mainiacjoe_overflow_tiny_flanked,
          minmay_temple_entry_junction
D:7:      layout_rooms, chequers_temple_overflow_statue_of_worship,
          zin_scriptorium, uniq_menkaure
D:8:      layout_cave_pools, xom_teletrap_fun, lair_entry_dummy, uniq_joseph,
          uniq_prince_ribbit1
Temple:   minmay_temple_bridge_abc

Skill      XL: |  1  2  3  4  5  6  7  8  9 |
---------------+----------------------------+-----
Fighting       | 2 3 4 5 7 8 |  8.6
Crossbows      | 5 6 7 9 10 | 10.0
Necromancy     | 1 2 3 4 5 |  5.0
Armour         | 3 |  3.9
Dodging        | |  2.1
Stealth        | |  1.2
Spellcasting   | |  0.6

Action                   |  1- 3 |  4- 6 |  7- 9 || total
-------------------------+-------+-------+-------++-------
Melee: Short sword       |       |     3 |    26 ||    29
 Fire: Hand crossbow     |   140 |   155 |   265 ||   560
 Cast: Vampiric Draining |       |    11 |    73 ||    84
 Abil: Heal Wounds       |       |     1 |     7 ||     8
  Use: Scroll            |       |     8 |     7 ||    15
       Potion            |       |     1 |     1 ||     2
Armor: Leather armour    |    29 |    20 |    81 ||   130
       Scale mail        |       |       |    37 ||    37
Dodge: Dodged            |    41 |    47 |   282 ||   370

Table legend: (Time is in decaauts)
 A = Elapsed time spent in this place.
 B = Non-inter-level travel time spent in this place.
 C = Inter-level travel time spent in this place.
 D = Time resting spent in this place.
 E = Time spent auto-exploring this place.
 F = Levels seen in this place.
 G = Mean time per level.
                   A        B        C        D        E       F      G
               +--------+--------+--------+--------+--------+-----+--------+
         Total |   6197 |   5867 |    330 |    701 |   3710 |   9 |  688.6 |
       Dungeon |   5991 |   5686 |    305 |    701 |   3536 |   8 |  748.9 |
        Temple |    206 |    181 |     25 |      0 |    174 |   1 |  206.0 |
               +--------+--------+--------+--------+--------+-----+--------+

Top non-repeatable levels by time:
     D:4: 1407 daAuts
     D:2: 997 daAuts
     D:5: 847 daAuts
     D:6: 816 daAuts
     D:7: 641 daAuts
     D:1: 557 daAuts
     D:3: 543 daAuts
  Temple: 206 daAuts
     D:8: 180 daAuts
